 Dungeon Crawl Stone Soup version 0.18-a0-1202-g796ae12 (webtiles) character file.

610 Psiweapon the Sneak (level 7, -3/40 HPs)
             Began as a Kobold Hunter on Jan 31, 2016.
             Slain by a gnoll (5 damage)
             ... on level 5 of the Dungeon.
             The game lasted 00:15:01 (3930 turns).

Psiweapon the Sneak (Kobold Hunter)                 Turns: 3930, Time: 00:15:01

Health: -3/40      AC:  8    Str: 10    XL:     7   Next: 72%
Magic:  7/7        EV: 14    Int:  9    God:
Gold:   215        SH:  0    Dex: 19    Spells: 0 memorised, 6 levels left

rFire  x . .     SeeInvis .     c - +0 broad axe
rCold  + . .     Gourm    .     u - +3 ring mail
rNeg   . . .     Faith    .     (shield currently unavailable)
rPois  .         Spirit   .     (no helmet)
rElec  .         Dismiss  .     (no cloak)
rCorr  .         Reflect  .     (no gloves)
SustAt .         Harm     .     (no boots)
MR     .....                    (no amulet)
Stlth  +++.......               k - ring of ice
                                B - +1 ring of evasion

@: not resistant to hostile enchantments, fairly stealthy
A: carnivore 3
a: no special abilities


You were on level 5 of the Dungeon.
You were completely stuffed.

You visited 1 branch of the dungeon, and saw 5 of its levels.

You collected 215 gold pieces.

Inventory:

Hand Weapons
 a - a +1 hand crossbow
 b - a +0 short sword
 c - a +0 broad axe (weapon)
 C - a +0 rapier
Missiles
 d - 4 bolts
 h - 65 sling bullets
Armour
 g - a +0 scale mail
 u - a +3 ring mail (worn)
 z - a +0 leather armour
Jewellery
 j - an uncursed ring of magical power
 k - a ring of ice (right hand)
 v - an uncursed amulet of faith
 B - a +1 ring of evasion (left hand)
Wands
 D - a wand of lightning (7/15)
Scrolls
 e - 2 scrolls of fog {unknown}
 i - 5 scrolls of teleportation
 m - 2 scrolls of magic mapping {unknown}
 n - 3 scrolls of enchant weapon {unknown}
 o - 4 scrolls of identify
 p - 3 scrolls of blinking {unknown}
 s - 2 scrolls of immolation
 w - a scroll of remove curse {unknown}
 y - a scroll of recharging {unknown}
 E - a scroll of random uselessness {unknown}
 H - a scroll of enchant armour {unknown}
Potions
 l - a potion of brilliance {unknown}
 r - 3 potions of heal wounds {unknown}
 t - 2 potions of haste
 x - a potion of resistance {unknown}
 A - 2 potions of curing {unknown}
 I - a potion of might {unknown}
 J - a potion of magic {unknown}
Books
 F - a Necronomicon

   Spells                             Type                      Level
   a - Haunt                          Necromancy/Summoning         7
   b - Borgnjor's Revivification      Necromancy                   8
   c - Death's Door                   Charms/Necromancy            8
   d - Necromutation                  Transmutation/Necromancy     8
Comestibles
 f - 5 meat rations
 q - a chunk of flesh
 G - a beef jerky


   Skills:
 - Level 2.1 Fighting
 - Level 2.0 Short Blades
 + Level 3.8 Axes
 - Level 4.8 Crossbows
 + Level 3.3 Armour
 - Level 2.4 Dodging
 - Level 6.1 Stealth


You had 6 spell levels left.
You didn't know any spells.

Dungeon Overview and Level Annotations

Branches:
Dungeon (5/15)
 Temple: D:4-7

Altars:
Ashenzari
Fedhas
Kikubaaqudgha
Makhleb
Nemelex Xobeh
Ru
Yredelemnul
Zin

Annotations:
D:3 Natasha
D:5 Prince Ribbit


Innate Abilities, Weirdness & Mutations

You are small and have problems with some larger weapons.
You are carnivorous and can eat meat at any time.


Message History

Prince Ribbit is severely wounded.
Prince Ribbit mumbles some strange words.
Prince Ribbit looks slightly unstable.
The gnoll hits you but does no damage. Prince Ribbit hits you!
The gnoll closely misses you.
You miss Prince Ribbit.
Prince Ribbit is severely wounded.
Prince Ribbit misses you.
The gnoll hits you from afar with a spear.
Prince Ribbit hits you!
* * * LOW HITPOINT WARNING * * *
Prince Ribbit momentarily phases out as your attack passes through him.
Prince Ribbit is severely wounded.
Prince Ribbit disappears!
The gnoll barely misses you.
The gnoll shaman calls upon its god to speed up the gnoll.
The gnoll seems to speed up.
The gnoll hits you but does no damage. The gnoll hits you but does no damage.
You slash the gnoll!
The gnoll is heavily wounded.
The gnoll hits you.
You die...

##### ## ####...###.## ###
##.......###.# #.##
###...........####..#
#..................##
#............@#####.##
#...........g## ##.#
#..............## #.##
#..........g#...## ##..####
....#......###...###......#
...........#
###.#.....#.....
####.......##
##....#####.## ##.......#
#....# # ##...#..# #...##


You could see 2 gnolls.

Vanquished Creatures
  A phantom (D:4)
  An ogre (D:4)
  A scorpion (D:4)
  A crimson imp (D:3)
  2 hounds (D:4)
  A centaur skeleton (D:4)
  Natasha (twice) (D:3)
  A worker ant (D:5)
  9 adders
  3 gnolls (D:2)
  An adder skeleton (D:4)
  3 worms
  2 giant geckos
  An orc (D:4)
  5 giant cockroaches
  4 goblins
  6 hobgoblins
  14 jackals
  10 kobolds
  A quokka (D:2)
  3 ball pythons
  9 bats
  A giant newt (D:2)
  9 rats
91 creatures vanquished.

Notes
Turn   | Place    | Note
--------------------------------------------------------------
     0 | D:1      | Psiweapon the Kobold Hunter began the quest for the Orb.
     0 | D:1      | Reached XP level 1. HP: 12/12 MP: 1/1
   166 | D:1      | Reached skill level 1 in Short Blades
   174 | D:1      | Reached XP level 2. HP: 17/17 MP: 2/2
   571 | D:1      | Found a shattered altar of Ashenzari.
   757 | D:1      | Reached XP level 3. HP: 21/21 MP: 3/3
  1026 | D:2      | Reached XP level 4. HP: 26/26 MP: 4/4
  1041 | D:2      | Reached skill level 5 in Stealth
  1347 | D:2      | Reached XP level 5. HP: 30/30 MP: 5/5
  1475 | D:2      | Reached skill level 6 in Stealth
  1785 | D:3      | Noticed Natasha
  1789 | D:3      | Killed Natasha
  1789 | D:3      | Reached skill level 1 in Armour
  1825 | D:3      | Noticed Natasha
  1841 | D:3      | Killed Natasha
  2155 | D:3      | Reached XP level 6. HP: 33/35 MP: 6/6
  2192 | D:3      | Noticed Natasha
  2654 | D:3      | Found a blossoming altar of Fedhas.
  2695 | D:4      | Noticed a phantom
  2721 | D:4      | Killed a phantom
  2766 | D:4      | Reached XP level 7. HP: 29/40 MP: 7/7
  3349 | D:4      | Found a sparkling altar of Nemelex Xobeh.
  3374 | D:4      | Found a basalt altar of Yredelemnul.
  3374 | D:4      | Found a burning altar of Makhleb.
  3385 | D:4      | Found an ancient bone altar of Kikubaaqudgha.
  3405 | D:4      | Found a sacrificial altar of Ru.
  3760 | D:4      | Found a glowing silver altar of Zin.
  3774 | D:5      | Entered Level 5 of the Dungeon
  3910 | D:5      | Noticed Prince Ribbit
  3920 | D:5      | HP: 1/40 [Prince Ribbit (16)]
  3930 | D:5      | Slain by a gnoll

Vault maps used:
D:1:      lightli_arrival_chessboard, evilmike_ruin_ashenzari
D:3:      nicolae_overflow_crystal_walls, serial_glass, glass_columns_a,
          glass_columns_b, glass_columns_a, glass_columns_a, glass_columns_a,
          glass_columns_b, glass_columns_c, glass_columns_b,
          guppyfry_early_lair_pool, uniq_natasha
D:4:      minmay_overflow_temple_star_hex, kennysheep_mini_moat
D:5:      first_bread, uniq_prince_ribbit1, uniq_menkaure

Action                   |  1- 3 |  4- 6 |  7- 9 || total
-------------------------+-------+-------+-------++-------
Melee: Short sword       |    20 |    96 |       ||   116
       Broad axe         |       |    34 |    33 ||    67
       Rapier            |       |       |    24 ||    24
 Fire: Hand crossbow     |    33 |    71 |    12 ||   116
  Use: Scroll            |       |     2 |     1 ||     3
 Stab: Sleeping          |     1 |     1 |       ||     2
       Distracted        |       |     1 |       ||     1
  Eat: Chunk             |     9 |     5 |     4 ||    18
